Map: Rhoskallian LE

Players

fishman

  • Race: Terran Terran
  • League: Platinum
  • Spawn Location: 12:00

ilan

  • Race: Zerg Zerg
  • Spawn Location: 11:00

Massa - Winner!

  • Race: Terran Terran
  • Spawn Location: 5:00

qqq - Winner!

  • Race: Zerg Zerg
  • Spawn Location: 6:00

VOD

Have the link to the VOD?

Description

Time

  • Played on: June 20, 2020, 3:20 p.m.
  • Length: 19:19
Show
View Real Time Build Order
Export as new Build Order

fishman Terran 

Build Orders:  

Get SALT Encoding   

  12  0:01  SCV  
  13  0:13  SCV  
  14  0:17  Refinery  
  14  0:25  Supply Depot  
  14  0:29  SCV  
  15  0:47  SCV  
  16  0:51  Barracks  
  16  0:59  SCV  
  17  1:27  SCV  
  18  1:39  SCV  
  19  1:51  SCV  
  19  2:12  SCV  
  20  2:22  Reaper  
  21  2:24  SCV  
  21  2:28  Barracks  
  22  2:35  Engineering Bay  
  22  2:36  Orbital Command  
  22  2:39  Refinery  
  22  2:52  Factory  
  22  2:56  Barracks Tech Lab  
  22  3:02  Supply Depot  
  22  3:15  Stimpack  
  22  3:17  Barracks Reactor  
  22  3:21  Supply Depot  
  22  3:24  Marauder  
  24  3:52  Marauder  
  24  3:53  Marine  
  24  3:54  Marine  
  28  4:00  Command Center  
  28  4:11  Marine x2  
  28  4:13  Marauder  
  32  4:23  Factory Tech Lab  
  32  4:26  Engineering Bay  
  32  4:29  Starport  
  32  4:31  Terran Infantry Weapons Level 1  
  32  4:48  Marine x2, Marauder  
  32  4:50  Siege Tank  
  39  5:05  Supply Depot  
  39  5:09  Starport Reactor  
  39  5:15  Orbital Command  
  39  5:27  Supply Depot  
  39  5:34  Siege Tank  
  28  5:57  Marine  
  28  5:58  Marine  
  30  6:12  SCV  
  30  6:13  SCV  
  32  6:25  SCV x2  
  34  6:32  Marine, Marauder  
  36  6:33  Marine  
  36  6:36  Medivac  
  36  6:37  SCV x2  
  36  6:39  Medivac  
  44  6:49  SCV  
  44  6:51  SCV  
  44  6:53  Marauder  
  48  6:59  Marine  
  48  7:00  Marine  
  48  7:01  SCV  
  51  7:03  SCV  
  52  7:11  Medivac, Supply Depot  
  52  7:13  SCV  
  52  7:15  SCV  
  56  7:17  Marine  
  56  7:18  Medivac, Marine  
  62  7:23  Marauder  
  62  7:24  Concussive Shells  
  62  7:25  SCV  
  62  7:27  SCV  
  64  7:35  Marine x2  
  66  7:37  SCV  
  66  7:41  SCV  
  70  7:44  Marauder  
  70  7:46  Refinery  
  70  7:49  Refinery, SCV  
  70  7:53  Marine x2, SCV  
  70  7:55  Terran Infantry Armor Level 1  
  75  8:06  Marauder  
  75  8:10  Supply Depot  
  75  8:11  Marine x2, Supply Depot  
  77  8:17  SCV  
  78  8:24  SCV  
  81  8:27  Marauder  
  81  8:28  Marine  
  81  8:29  Marine, SCV  
  84  8:34  Supply Depot  
  84  8:35  Supply Depot  
  84  8:37  SCV  
  87  8:48  Marauder  
  87  8:59  Marine x2  
  89  9:04  Armory  
  91  9:10  Marauder  
  91  9:17  Marine x2  
  71  9:30  Medivac x2  
  77  9:31  Marauder  
  77  9:34  Marine  
  77  9:35  Marine  
  73  9:51  Supply Depot x2  
  73  9:52  Marine, Marauder  
  75  9:53  Marine  
  75  9:56  Starport  
  77  10:00  Medivac x2  
  77  10:04  Command Center  
  77  10:05  Siege Tank  
  86  10:14  Marauder  
  86  10:16  Supply Depot  
  86  10:24  Terran Infantry Weapons Level 2  
  86  10:25  Terran Infantry Armor Level 2  
  86  10:30  Medivac x2  
  90  10:37  Starport Reactor, Siege Tank  
  90  10:38  Factory  
  78  11:38  Planetary Fortress  
  78  11:40  Marauder  
  78  11:41  Marine x2  
  82  11:59  Marine x2  
  87  12:02  Marauder  
  89  12:13  Combat Shield  
  89  12:16  Marine  
  89  12:17  Marine  
  91  12:23  Marauder  
  91  12:27  Factory Tech Lab  
  91  12:28  Refinery  
  93  12:33  Refinery  
  93  12:34  Marine  
  93  12:35  Marine  
  95  12:45  Marauder  
  95  12:46  Barracks  
  95  12:47  Barracks  
  95  12:49  Barracks  
  91  12:52  Marine  
  91  12:53  Marine  
  91  12:58  Viking x2  
  95  12:59  Viking x2  
  95  13:01  SCV  
  95  13:04  SCV x2  
  102  13:06  Marauder  
  102  13:10  Marine x2  
  106  13:13  SCV  
  106  13:16  SCV x2  
  109  13:25  SCV  
  110  13:27  Marine  
  110  13:28  Marine x2, SCV x2  
  115  13:37  SCV  
  115  13:40  SCV  
  117  13:44  Barracks Reactor x2  
  117  13:45  Barracks Reactor, Marine  
  117  13:46  Marine x2  
  120  13:49  Liberator, SCV  
  120  13:50  Liberator  
  120  13:51  Liberator  
  120  13:54  Siege Tank  
  133  14:02  Marine  
  133  14:03  Marine  
  133  14:04  Marine  
  134  14:11  Viking  
  129  14:21  Marine, Marauder  
  129  14:22  Marine  
  107  14:41  Viking  
  107  14:42  Viking x3, Marine  
  84  15:08  Missile Turret x2  
  84  15:09  Missile Turret  
  84  15:11  Viking, Missile Turret  
  78  15:14  Viking x2  
  78  15:15  Viking  
  84  15:31  SCV  
  85  15:41  Viking  
  87  15:43  SCV  
  82  15:55  Marine x7, SCV  
  76  16:07  SCV  
  77  16:12  Marine  
  77  16:13  Marine  
  79  16:19  SCV  
  80  16:31  Medivac  
  80  16:32  Medivac x3, SCV  
  89  16:44  SCV  
  90  17:00  SCV  
  91  17:01  SCV  
  92  17:12  SCV  
  92  17:13  SCV  
  94  17:22  Marine x3  
  95  17:23  Marine x6  
  95  17:25  SCV  
  104  17:38  SCV  
  104  17:40  Marine x8  
  104  17:41  Marine  
  114  17:50  SCV  
  115  17:58  Marine x9  
  120  18:06  Medivac x4  
  128  18:15  Marine  
  128  18:16  Marine x8  
  116  18:34  Marine  
  83  18:49  Marine x8  
  83  18:52  Marine  
Show
View Real Time Build Order
Export as new Build Order

ilan Zerg 

Build Orders: Pool First 

Get SALT Encoding   

  12  0:01  Drone  
  13  0:12  Overlord  
  13  0:18  Drone  
  14  0:31  Drone x2  
  16  0:36  Drone  
  17  1:06  Spawning Pool  
  17  1:08  Drone x3, Extractor  
  18  1:28  Drone  
  19  1:34  Hatchery  
  18  1:48  Drone  
  18  1:53  Zergling x4  
  21  2:11  Zergling x2  
  22  2:28  Overlord  
  22  2:31  Overlord  
  22  2:43  Overlord  
  22  2:45  Queen  
  24  2:52  Zergling x2  
  24  2:56  Queen  
  24  2:57  Drone x2  
  29  3:15  Baneling Nest, Drone x2  
  29  3:18  Drone  
  31  3:37  Hatchery  
  30  3:50  Roach Warren  
  30  3:51  Drone  
  30  3:55  Drone x3  
  33  4:06  Evolution Chamber  
  33  4:08  Drone  
  33  4:15  Drone x2  
  33  4:16  Extractor  
  34  4:20  Baneling x2  
  34  4:21  Baneling x6  
  34  4:40  Drone  
  34  4:41  Drone  
  37  4:45  Drone  
  37  4:46  Drone x6  
  43  4:55  Roach  
  43  4:56  Roach x2  
  43  4:57  Overlord x2  
  48  5:27  Roach  
  48  5:28  Roach x10, Zergling x2  
  64  5:39  Roach x2  
  66  5:53  Queen  
  61  6:05  Roach x2  
  61  6:07  Overlord x2, Zergling x2  
  61  6:08  Overlord x3  
  62  6:17  Drone x2  
  64  6:25  Roach  
  66  6:26  Roach  
  68  6:33  Roach x5  
  68  6:36  Zerg Missile Weapons Level 1  
  68  6:37  Lair  
  78  6:41  Drone  
  79  6:57  Ravager  
  79  7:00  Roach x2, Zergling x2  
  79  7:01  Zergling x16  
  93  7:09  Extractor  
  93  7:10  Drone  
  93  7:11  Extractor  
  93  7:14  Drone  
  93  7:37  Drone x3  
  96  7:48  Baneling x2  
  96  7:49  Baneling x4  
  96  7:53  Baneling x2  
  96  7:54  Baneling x2  
  95  8:41  Roach  
  95  8:42  Roach x4  
  95  8:43  Overlord x4  
  95  8:44  Overlord x2  
  95  8:46  Zerg Missile Weapons Level 2  
  99  9:03  Roach x10  
  93  9:29  Roach x6  
  93  9:30  Roach x3  
  91  9:43  Roach x5  
  91  9:45  Queen  
  91  10:17  Roach  
  91  10:18  Roach x10  
  113  10:26  Glial Reconstitution  
  113  10:35  Drone x5  
  117  10:41  Extractor x2  
  117  10:42  Drone x2  
  74  11:33  Roach  
  74  11:34  Roach x20  
  116  11:42  Zerg Ground Armor Level 1  
  116  11:49  Hydralisk Den  
  115  12:04  Hatchery  
  114  12:14  Roach  
  114  12:15  Roach x14  
  144  12:31  Grooved Spines  
  144  12:52  Hydralisk  
  144  12:53  Hydralisk x4  
  154  13:03  Overlord x6  
  154  13:13  Spore Crawler  
  154  13:14  Spore Crawler, Drone  
  154  13:15  Queen x3  
  154  13:19  Spore Crawler  
  158  13:23  Spore Crawler, Hydralisk x2  
  158  13:24  Hydralisk x4  
  169  13:38  Hydralisk x3  
  171  13:41  Drone  
  171  13:42  Drone  
  173  13:55  Hydralisk x2  
  175  13:56  Hydralisk  
  179  14:06  Zerg Ground Armor Level 2  
  73  14:45  Hydralisk x9  
  82  14:56  Queen  
  84  15:01  Spore Crawler  
  73  15:27  Hydralisk  
  73  15:28  Hydralisk x4  
  77  15:48  Hydralisk  
  77  15:49  Hydralisk x3  
  67  16:03  Drone x2  
  67  16:04  Drone x3  
  68  16:06  Drone  
  69  16:26  Hydralisk  
  69  16:29  Roach x2  
  69  16:30  Roach x3  
  81  16:44  Drone  
  81  16:45  Drone x2  
  82  17:26  Hydralisk  
  82  17:27  Hydralisk x12  
  108  17:34  Muscular Augments  
  108  17:59  Hydralisk x6  
  108  18:00  Hydralisk x3  
  72  18:41  Hydralisk x6  
  60  18:42  Hydralisk x4  
  78  18:55  Zergling x12  
Show
View Real Time Build Order
Export as new Build Order

Massa Terran - Winner!

Build Orders:  

Get SALT Encoding   

  12  0:10  SCV  
  13  0:19  Supply Depot  
  13  0:22  SCV  
  14  0:34  SCV  
  15  0:43  Barracks  
  15  0:46  SCV  
  16  1:10  SCV  
  17  1:19  Supply Depot  
  17  1:22  SCV  
  18  1:29  Supply Depot  
  18  1:33  Marine  
  18  1:34  SCV  
  20  1:51  Marine  
  20  1:52  SCV  
  22  2:05  SCV  
  23  2:16  Supply Depot  
  23  2:17  Barracks  
  23  2:18  Barracks  
  23  2:19  Barracks  
  23  2:25  Marine  
  23  2:32  Orbital Command  
  23  2:35  Refinery  
  23  2:38  Supply Depot  
  23  2:43  Marine  
  23  2:44  Supply Depot  
  24  3:01  Marine  
  25  3:10  Marine x3  
  28  3:19  Marine  
  29  3:20  Supply Depot  
  29  3:28  Marine x3  
  32  3:37  Marine  
  33  3:45  Marine  
  33  3:46  Marine x2  
  36  3:51  Supply Depot  
  36  3:54  Marine  
  37  4:03  Marine x2  
  37  4:04  Marine  
  40  4:12  Marine  
  41  4:21  Marine x2  
  41  4:22  Marine  
  44  4:24  Command Center  
  44  4:26  SCV  
  44  4:30  Marine  
  46  4:39  Marine x3  
  49  4:47  SCV  
  49  4:48  Marine  
  51  4:57  Marine  
  51  4:59  SCV  
  53  5:04  Marine x2  
  53  5:06  Marine  
  56  5:12  SCV  
  57  5:14  Marine  
  57  5:22  Marine x2  
  57  5:23  Marine  
  53  5:32  Marine  
  45  5:47  Marine x3  
  48  5:50  Marine  
  43  6:05  Marine x3  
  43  6:08  Marine  
  45  6:19  Orbital Command  
  45  6:20  SCV  
  45  6:23  Marine x3  
  49  6:26  Marine  
  49  6:32  SCV  
  51  6:34  Supply Depot  
  51  6:38  Factory  
  51  6:40  Marine  
  51  6:41  Marine  
  51  6:43  Factory  
  51  6:44  SCV  
  54  6:48  Barracks Tech Lab  
  54  6:49  Barracks Reactor  
  54  6:56  SCV  
  54  6:57  SCV  
  54  6:58  Marine  
  54  6:59  Marine  
  58  7:09  SCV x2  
  58  7:12  Marauder  
  58  7:14  Command Center  
  58  7:15  Stimpack  
  62  7:16  Marine  
  62  7:17  Marine  
  62  7:21  SCV  
  62  7:22  SCV  
  66  7:32  Marine x2  
  66  7:33  Factory Tech Lab, Marauder, SCV  
  66  7:34  Factory Reactor, SCV  
  66  7:36  Barracks Tech Lab  
  72  7:49  SCV  
  72  7:50  SCV  
  74  7:55  Marauder  
  74  7:57  Siege Tank  
  79  8:01  SCV  
  79  8:02  SCV  
  79  8:05  Refinery  
  81  8:07  Refinery  
  81  8:10  Engineering Bay  
  81  8:12  Armory  
  81  8:13  SCV  
  81  8:14  SCV  
  81  8:15  Marauder  
  85  8:26  Marauder, SCV x2  
  85  8:27  Supply Depot x2  
  89  8:28  Supply Depot x2  
  89  8:32  Supply Depot  
  89  8:34  Orbital Command  
  89  8:36  Marauder  
  89  8:38  SCV x2  
  91  8:50  SCV x2  
  91  8:55  Supply Depot  
  74  9:28  Marauder x2  
  74  9:29  Marine x2  
  72  9:49  Marauder  
  72  9:50  Marauder  
  76  9:54  Marine x3  
  76  9:56  Thor  
  76  9:58  Widow Mine  
  76  9:59  Widow Mine  
  89  10:09  Terran Infantry Weapons Level 1  
  89  10:11  Marine, Marauder x2  
  89  10:12  Marine x2  
  96  10:15  Refinery  
  96  10:17  Terran Vehicle And Ship Armor Level 1  
  96  10:20  Widow Mine x2  
  100  10:24  SCV x3  
  103  10:29  Marine  
  103  10:32  Marauder  
  103  10:33  Marauder  
  108  10:35  Refinery  
  108  10:36  SCV x3  
  108  10:40  Widow Mine  
  108  10:41  Widow Mine x2  
  117  10:43  Command Center  
  117  10:48  Combat Shield, SCV x3  
  120  10:54  Marauder x2  
  124  11:00  SCV x3  
  124  11:01  Siege Tank  
  111  11:12  SCV x2  
  111  11:13  SCV  
  111  11:15  Marauder x2  
  99  11:33  Marine  
  99  11:34  Marine x2  
  99  11:36  Thor, Marauder  
  99  11:37  Marauder  
  112  11:45  Barracks  
  112  11:51  Marine  
  112  11:52  Marine x2  
  115  11:58  Marauder x2  
  119  12:05  Starport  
  119  12:06  Missile Turret  
  119  12:07  Starport  
  119  12:08  Terran Infantry Armor Level 1  
  119  12:09  Marine x3  
  119  12:10  Concussive Shells  
  122  12:19  Siege Tank, Marauder x2  
  122  12:21  Orbital Command  
  122  12:22  SCV x3  
  132  12:26  Missile Turret  
  132  12:27  Marine x3  
  135  12:32  Missile Turret  
  135  12:33  Missile Turret, Barracks  
  135  12:34  SCV x3  
  135  12:36  Missile Turret  
  138  12:40  Command Center, Marauder  
  138  12:41  Marauder  
  142  12:45  Marine  
  142  12:47  Missile Turret  
  142  12:49  Barracks Tech Lab  
  142  12:50  Marine  
  145  12:54  Missile Turret  
  144  13:01  Thor  
  144  13:02  Marauder x2  
  144  13:03  Marine  
  144  13:04  Widow Mine x2  
  159  13:08  Marine  
  159  13:11  Barracks Tech Lab  
  160  13:21  Marine  
  160  13:23  Marauder  
  160  13:24  Marauder  
  160  13:25  Marine  
  164  13:27  Widow Mine  
  164  13:35  Supply Depot x3  
  164  13:49  Refinery x2  
  164  13:51  Marine x2, SCV x4  
  164  13:52  Widow Mine x2, Marauder x2  
  164  13:53  Supply Depot  
  178  13:57  Marauder x2  
  178  13:58  Supply Depot  
  178  14:00  Supply Depot x2  
  178  14:02  Starport Reactor x2  
  182  14:03  SCV  
  182  14:09  Marine x2  
  185  14:13  Widow Mine, Marauder x2  
  179  14:17  Supply Depot  
  179  14:18  Marauder x2  
  179  14:22  Supply Depot  
  179  14:23  Supply Depot  
  176  14:25  Supply Depot  
  176  14:27  Marine x2  
  157  14:34  Marauder x2  
  157  14:38  Thor  
  115  14:39  Widow Mine, Marauder x2  
  115  14:41  Supply Depot  
  115  14:44  Marine x2  
  121  14:46  Supply Depot  
  121  14:48  Supply Depot x2  
  111  14:56  Marauder x2  
  111  14:57  Barracks Tech Lab  
  113  15:01  Marauder x2  
  113  15:02  Marine x2  
  113  15:06  Supply Depot  
  119  15:08  Widow Mine x2  
  123  15:17  Marauder x2  
  123  15:20  Marine x2  
  123  15:21  Thor  
  129  15:22  Marauder x2  
  139  15:29  Widow Mine x2  
  139  15:31  Marauder  
  145  15:36  Refinery  
  145  15:37  Refinery  
  145  15:38  Marine x2, Marauder  
  145  15:39  Marauder  
  151  15:44  Marauder x2  
  140  15:51  Widow Mine x2  
  140  15:53  Marauder  
  140  15:56  Marine  
  136  15:59  Marine x2  
  136  16:04  Thor  
  138  16:05  Marauder x2  
  138  16:08  Marine  
  149  16:12  Widow Mine x2  
  149  16:14  Marine, Marauder  
  149  16:18  Orbital Command, SCV x2, Marauder x2  
  161  16:19  SCV x2  
  164  16:26  Marine, Marauder x2  
  164  16:30  SCV x2  
  164  16:31  Marine  
  172  16:35  Marauder  
  172  16:39  Marauder x2  
  178  16:44  Marine  
  178  16:46  Thor  
  185  16:48  Marauder x2  
  185  16:49  Marine  
  185  16:50  Refinery  
  190  16:57  Marauder  
  190  17:00  Marauder  
  190  17:01  Marauder  
  196  17:02  Marine  
  197  17:09  Marine, Marauder  
  196  17:18  Marauder  
  196  17:22  Marauder  
  200  17:23  Command Center  
  200  17:32  Engineering Bay  
  200  18:00  Armory  
  139  18:36  Marauder  
  139  18:37  Marauder x4  
  139  18:38  Marine  
  139  18:39  Marine  
  119  18:56  Marine  
  119  18:57  Marine  
Show
View Real Time Build Order
Export as new Build Order

qqq Zerg - Winner!

Build Orders: Hatch First, Zergling Baneling 

Get SALT Encoding   

  12  0:06  Drone  
  13  0:08  Drone  
  14  0:37  Hatchery  
  12  1:22  Overlord  
  12  1:23  Drone x2  
  14  1:31  Spawning Pool  
  13  1:33  Extractor  
  13  1:35  Drone  
  13  1:53  Drone  
  14  1:56  Drone  
  15  2:03  Drone  
  15  2:05  Drone  
  17  2:11  Drone  
  18  2:16  Drone  
  19  2:28  Queen  
  21  2:35  Drone  
  21  2:36  Zergling x2  
  23  2:43  Metabolic Boost  
  23  2:46  Zergling x2  
  23  2:48  Hatchery  
  23  2:50  Zergling x2  
  24  2:53  Drone  
  25  3:01  Baneling Nest  
  25  3:03  Drone  
  25  3:06  Drone  
  25  3:12  Drone  
  27  3:14  Zergling x2  
  28  3:20  Overlord  
  28  3:26  Overlord  
  27  3:50  Drone x3  
  27  3:51  Zergling x4  
  32  3:58  Zergling x2  
  33  4:03  Baneling  
  33  4:04  Baneling x4  
  33  4:07  Zergling x2  
  33  4:08  Zergling x4  
  36  4:13  Queen  
  36  4:15  Drone  
  36  4:16  Zergling x2  
  40  4:20  Queen  
  40  4:23  Drone  
  43  4:26  Zergling x2  
  43  4:28  Zergling x2  
  45  4:36  Zergling x2  
  45  4:37  Overlord, Zergling x2  
  47  4:39  Drone  
  48  4:46  Overlord  
  48  4:48  Overlord  
  48  4:57  Baneling  
  48  4:58  Baneling x2  
  42  5:29  Zergling x6  
  42  5:30  Zergling x12  
  46  5:50  Drone, Zergling x2  
  46  5:51  Zergling x2  
  46  6:00  Zergling x2  
  46  6:02  Zergling x4  
  45  6:14  Lair  
  45  6:15  Zergling x2  
  45  6:16  Zergling x8  
  45  6:17  Zergling x12  
  56  6:18  Hatchery  
  56  6:21  Drone x3  
  56  6:22  Drone  
  59  6:28  Zergling x2  
  59  6:29  Zergling x4  
  62  6:36  Drone  
  62  6:38  Zergling x2  
  62  6:39  Evolution Chamber  
  63  6:48  Zergling x2  
  64  6:57  Drone  
  64  6:58  Drone  
  64  6:59  Overlord x3  
  64  7:00  Overlord  
  66  7:10  Spine Crawler  
  66  7:14  Zergling x2  
  66  7:15  Overlord  
  66  7:31  Zergling x8  
  66  7:33  Drone x4  
  66  7:34  Drone  
  66  7:36  Hatchery  
  74  7:42  Zergling x2  
  75  7:45  Drone x3  
  75  7:48  Zergling x6  
  81  8:04  Roach Warren  
  81  8:05  Zergling x4  
  81  8:06  Spire  
  81  8:07  Drone x5  
  81  8:09  Drone  
  87  8:15  Baneling x4  
  87  8:16  Baneling  
  87  8:18  Centrifical Hooks  
  87  8:21  Baneling x2  
  87  8:22  Baneling x2  
  87  8:24  Drone x2  
  87  8:25  Drone  
  90  8:33  Drone, Extractor x2  
  89  8:34  Zergling x2  
  81  8:55  Roach x3  
  67  8:56  Roach  
  67  8:58  Zergling x12  
  67  8:59  Zergling x16  
  77  9:18  Zergling x2  
  77  9:19  Roach  
  77  9:20  Roach x2  
  77  9:21  Zergling x8  
  77  9:23  Extractor  
  80  9:35  Drone x4  
  80  9:36  Roach x2  
  80  9:37  Roach  
  90  9:45  Extractor  
  89  9:50  Baneling x2  
  89  9:51  Baneling x3  
  89  9:57  Drone x3  
  92  10:00  Drone  
  92  10:01  Drone x2  
  92  10:03  Mutalisk  
  89  10:26  Roach x2  
  89  10:27  Roach x3  
  99  10:28  Mutalisk  
  99  10:30  Drone x2  
  99  10:31  Drone x6  
  99  10:33  Overlord x2  
  99  10:34  Overlord x2  
  109  10:36  Extractor  
  108  10:48  Overlord x2  
  108  10:51  Queen  
  108  10:54  Mutalisk x2  
  108  10:55  Mutalisk x2  
  117  11:08  Hatchery  
  117  11:09  Mutalisk x2  
  90  11:20  Mutalisk  
  90  11:22  Zergling x4  
  90  11:23  Zergling x8  
  90  11:24  Drone x4, Zergling x4  
  100  11:39  Mutalisk x3  
  106  11:42  Roach  
  106  11:43  Roach  
  106  11:44  Roach  
  112  11:48  Drone, Extractor  
  112  11:51  Drone x3  
  112  11:53  Roach x2  
  119  12:04  Zerg Flyer Weapons Level 1  
  119  12:05  Mutalisk  
  121  12:12  Drone x2  
  121  12:13  Mutalisk  
  121  12:14  Zergling x4  
  129  12:15  Roach  
  129  12:16  Roach x4  
  137  12:27  Drone  
  137  12:30  Drone x7  
  137  12:31  Mutalisk x2  
  137  12:32  Zergling x2  
  137  12:33  Roach, Zergling x2  
  137  12:34  Roach  
  147  12:57  Mutalisk x5  
  149  12:59  Drone  
  149  13:00  Drone x8  
  149  13:04  Extractor  
  157  13:09  Drone  
  157  13:10  Drone x2  
  157  13:11  Mutalisk x2  
  164  13:19  Infestation Pit  
  163  13:42  Overlord x6  
  163  13:52  Zerg Melee Weapons Level 1  
  163  14:23  Mutalisk x6  
  131  14:35  Mutalisk x5  
  131  14:36  Mutalisk  
  141  14:59  Mutalisk x4  
  143  15:00  Mutalisk  
  149  15:19  Mutalisk  
  149  15:20  Mutalisk x2  
  142  15:22  Zergling x6  
  142  15:23  Zergling x12  
  122  15:32  Zergling x4  
  118  15:36  Hive  
  118  15:42  Drone x4  
  120  15:46  Zerg Ground Armor Level 1  
  107  16:04  Drone x5  
  109  16:05  Drone  
  113  16:18  Mutalisk x2  
  113  16:19  Zergling x4  
  113  16:20  Zergling x8  
  113  16:23  Drone x4, Hatchery x2  
  113  16:25  Hatchery  
  124  16:28  Glial Reconstitution  
  124  16:31  Roach x2  
  128  16:32  Hatchery  
  127  16:41  Extractor x2  
  127  16:43  Extractor  
  127  16:44  Drone x4  
  127  16:45  Mutalisk x2  
  127  16:46  Mutalisk x2  
  136  16:52  Roach x2  
  136  16:53  Roach x2  
  144  17:01  Evolution Chamber  
  144  17:06  Greater Spire  
  144  17:07  Corruptor x3  
  144  17:08  Corruptor  
  151  17:22  Ultralisk Cavern  
  150  17:28  Drone x4  
  150  17:29  Drone x2  
  156  17:41  Drone x4  
  133  18:01  Roach x4  
  133  18:02  Roach x6  
  133  18:03  Roach x6  
  133  18:04  Roach x4  
  168  18:09  Drone x4  
  166  18:25  Roach x2  
  166  18:26  Roach x4, Zergling x4  
  173  18:27  Roach x3, Zergling x2  
  161  18:37  Roach x2  
  161  18:38  Roach x5  
  161  18:39  Roach x2  
  163  18:45  Roach x3  
  163  18:46  Roach x3  
  173  18:49  Drone  
  161  19:03  Drone x8  
Tags
 
Add a new tag
Caveats
  • Supply blocks, unpowered buildings, or Contaminate may cause inaccurate times.
  • Supply counts are checked every 10 seconds.